AoeStats
← zamithdaniel

Arena

508788856Analyzed
4v4 RM · 9d ago on Sep 24, 2026· 57m 9s· 8 players
Game mode
Random Map
Map size
Large (8 player)
Population
200
Speed
Normal
Resources
Standard
Victory
Conquest
Starting age
Dark Age
Ending age
Imperial Age
RankedLock teamsTeams togetherTeam positionsShared explorationLock speedFull tech treeHidden civsTurbo modeCheats
Victory
Defeat
🇨🇴 Celts · Colombia
962
+13
🇨🇴 Japanese · Colombia
932
+14
🇨🇴 Romans · Colombia
901
+16
🇨🇴 Wei · Colombia
890
+16
🇲🇽 Khmer · Mexico
952
-18
🇺🇸 Teutons · United States
887
-14
🇲🇽 Italians · Mexico
885
-14
🇺🇸 Vietnamese · United States
859
-13
jesusodinson
10:39 Feudal Age
16:24 Castle Age
18:46 Horse Collar
18:56 Double-Bit Axe
25:09 Fletching
31:05 Imperial Age
30:40 Bodkin Arrow
32:58 Chemistry
35:05 Town Watch
37:19 Crossbowman
38:01 Bracer
38:34 Pirotechnia
42:46 Padded Archer Armor
46:58 Bow Saw
51:29 Forging
51:24 Scale Barding Armor
lemoncakes01
12:07 Feudal Age
12:33 Double-Bit Axe
12:30 Horse Collar
20:45 Castle Age
18:52 Gold Mining
18:53 Stone Mining
21:58 Bow Saw
21:50 Heavy Plow
22:29 Stone Shaft Mining
24:25 Wheelbarrow
25:46 Hand Cart
27:28 Loom
27:59 Fortified Wall
28:17 Ballistics
31:32 Imperial Age
29:38 Fletching
31:19 Pikeman
32:00 Squires
33:41 Chemistry
32:27 Halberdier
32:42 Elite Skirmisher
33:48 Conscription
34:36 Two-Man Saw
34:19 Crop Rotation
35:56 Hoardings
35:29 Bodkin Arrow
35:22 Imperial Skirmisher
36:03 Scale Mail Armor
36:14 Forging
37:44 Crenellations
42:32 Siege Engineers
49:47 Cavalier
50:38 Bloodlines
Kagernaut
11:51 Feudal Age
12:27 Double-Bit Axe
12:32 Horse Collar
20:47 Castle Age
19:53 Gold Mining
20:10 Stone Mining
22:02 Bow Saw
21:55 Heavy Plow
22:35 Stone Shaft Mining
24:46 Caravan
25:34 Wheelbarrow
25:55 Fortified Wall
26:26 Hand Cart
30:54 Fletching
31:05 Padded Archer Armor
30:56 Loom
32:02 Thumb Ring
31:19 Elite Skirmisher
33:54 Bodkin Arrow
34:14 Leather Archer Armor
34:11 Scale Mail Armor
35:18 Forging
37:43 Imperial Age
36:28 Squires
35:52 Pikeman
38:38 Imperial Skirmisher
40:33 Halberdier
42:44 Bracer
43:15 Ring Archer Armor
47:28 Chain Mail Armor
47:49 Iron Casting
47:38 Ballistics
48:19 Chemistry
47:31 Elite Rattan Archer
49:11 Crop Rotation
49:54 Two-Man Saw
mimotaker
0:40 Loom
12:17 Feudal Age
19:15 Castle Age
17:59 Double-Bit Axe
18:45 Horse Collar
18:58 Gold Mining
19:03 Stone Mining
19:56 Wheelbarrow
19:50 Bloodlines
24:39 Fletching
25:04 Bow Saw
25:24 Heavy Plow
28:25 Hand Cart
31:02 Town Watch
43:01 Pikeman
48:01 Tusk Swords
Dovahkyn
6:15 Loom
11:21 Feudal Age
16:13 Castle Age
21:00 Horse Collar
21:08 Double-Bit Axe
22:45 Heavy Plow
22:58 Bow Saw
24:13 Gold Mining
25:57 Wheelbarrow
25:35 Stone Mining
26:20 Gold Shaft Mining
28:30 Forging
28:20 Scale Mail Armor
30:10 Iron Casting
33:38 Imperial Age
32:03 Chain Mail Armor
32:31 Town Watch
33:25 Coinage
32:56 Caravan
33:08 Scale Barding Armor
34:11 Fortified Wall
33:42 Treadmill Crane
34:26 Hand Cart
34:50 Conscription
33:51 Elite Samurai
36:22 Chemistry
35:54 Plate Mail Armor
39:01 Kataparuto
41:20 Blast Furnace
44:54 Two-Man Saw
45:47 Chain Barding Armor
45:42 Siege Engineers
45:40 Gambesons
45:55 Squires
45:43 Arson
zamithdaniel
10:22 Feudal Age
17:06 Castle Age
16:35 Double-Bit Axe
21:25 Scale Mail Armor
21:36 Forging
24:35 Gold Mining
36:35 Imperial Age
35:21 Bow Saw
34:54 Horse Collar
37:37 Scale Barding Armor
37:03 Cavalier
42:00 Heavy Plow
43:02 Chain Barding Armor
44:09 Iron Casting
46:02 Paladin
48:54 Blast Furnace
50:03 Husbandry
edwinsy22
0:36 Loom
11:45 Feudal Age
13:10 Wheelbarrow
12:18 Horse Collar
12:25 Double-Bit Axe
20:14 Castle Age
18:25 Man-at-Arms
21:34 Hand Cart
21:24 Heavy Plow
21:58 Long Swordsman
24:37 Scale Mail Armor
24:30 Gold Mining
24:32 Stone Mining
25:58 Chain Mail Armor
27:24 Bow Saw
29:07 Forging
33:02 Imperial Age
32:21 Ballistics
32:08 Scale Barding Armor
32:39 Iron Casting
31:52 Town Watch
33:12 Gold Shaft Mining
34:52 Town Patrol
35:30 Ballistas
36:11 Heavy Scorpion
36:36 Legionary
39:07 Chemistry
40:59 Blast Furnace
40:20 Chain Barding Armor
41:38 Ballistas
42:35 Elite Centurion
44:36 Elite Centurion
45:38 Caravan
54:56 Comitatenses
56:43 Plate Barding Armor
andres simijaca
8:35 Loom
11:13 Feudal Age
11:50 Double-Bit Axe
11:47 Horse Collar
13:47 Wheelbarrow
16:32 Gold Mining
16:41 Stone Mining
20:08 Castle Age
19:05 Fletching
19:57 Arson
20:26 Forging
22:02 Stone Shaft Mining
22:04 Gold Shaft Mining
22:12 Heavy Plow
25:18 Bow Saw
26:47 Bodkin Arrow
26:54 Town Watch
27:42 Scale Barding Armor
28:37 Murder Holes
29:56 Padded Archer Armor
31:41 Tuntian
33:27 Hand Cart
34:12 Ballistics
37:21 Imperial Age
36:27 Iron Casting
36:43 Thumb Ring
37:25 Leather Archer Armor
39:50 Chain Barding Armor
39:01 Elite Tiger Cavalry
42:16 Parthian Tactics
43:46 Blast Furnace
47:33 Bracer
47:37 Town Patrol
50:14 Ming Guang Armor
53:07 Chemistry
52:59 Ring Archer Armor
Connection lost

Rejoining the realm…

Still unreachable

The connection could not be restored.

Session expired

The server has moved on; the page needs a fresh start.